 Dungeon Crawl Stone Soup version 0.19-a0-1254-gb9c29c0 (webtiles) character file.

387 rlgrobin the Stinger (level 6, -1/36 HPs)
             Began as an Octopode Venom Mage on Aug 27, 2016.
             Shot with an arrow by a centaur (12 damage)
             ... on level 5 of the Dungeon.
             The game lasted 00:06:05 (4390 turns).

rlgrobin the Stinger (Octopode Venom Mage)          Turns: 4390, Time: 00:06:06

Health: -1/36      AC:  3    Str:  8    XL:     6   Next: 78%
Magic:  3/9        EV: 13    Int: 19    God:
Gold:   160        SH:  4    Dex: 12    Spells: 3 memorised, 0 levels left

rFire  . . .     SeeInvis .     (no weapon)
rCold  . . .     Gourm    .     (no shield)
rNeg   . . .     Faith    .     i - +2 hat
rPois  .         Spirit   .     m - +4 amulet of reflection
rElec  .         Dismiss  .     o - ring of resist corrosion
rCorr  +         Reflect  +     (no ring)
MR     .....     Harm     .     (no ring)
Stlth  +++.......               (no ring)
                                (no ring)
                                (no ring)
                                (no ring)
                                (no ring)

@: marked
A: almost no armour, stealthy swim, amphibious, 8 rings, constrict 8, camouflage
1, gelatinous body 1
a: no special abilities


You were on level 5 of the Dungeon.
You were not hungry.

You visited 1 branch of the dungeon, and saw 5 of its levels.

You collected 160 gold pieces.

Inventory:

Armour
 i - a +2 hat (worn)
Jewellery
 m - a +4 amulet of reflection (around mantle)
 o - a ring of resist corrosion (left tentacle)
Scrolls
 e - a scroll of enchant armour
 h - 2 scrolls of amnesia
 l - a scroll of immolation {unknown}
 p - 2 scrolls of fog
 r - 2 scrolls of remove curse
 x - a scroll of teleportation {unknown}
Potions
 c - 3 potions of agility
 f - a potion of mutation {unknown}
 j - a potion of curing
 n - a potion of haste {unknown}
 q - a potion of degeneration {unknown}
 u - a potion of might {unknown}
 v - a potion of lignification {unknown}
Books
 a - a Young Poisoner's Handbook

   Spells                             Type                      Level
   a - Sting                          Conjuration/Poison           1
   b - Mephitic Cloud                 Conjuration/Poison/Air       3
   c - Olgreb's Toxic Radiance        Poison                       4
   d - Alistair's Intoxication        Transmutation/Poison         5
   e - Venom Bolt                     Conjuration/Poison           5
 w - a book of Death

   Spells                             Type                      Level
   a - Corpse Rot                     Necromancy                   2
   b - Sublimation of Blood           Necromancy                   2
   c - Agony                          Necromancy                   5
   d - Dispel Undead                  Necromancy                   5
   e - Excruciating Wounds            Charms/Necromancy            5
   f - Bolt of Draining               Conjuration/Necromancy       5
Comestibles
 b - 3 bread rations
 d - 4 fruits
 g - 3 beef jerkies
 k - 2 meat rations
 s - a royal jelly
 t - a slice of pizza


   Skills:
 - Level 2.0 Dodging
 - Level 2.6 Stealth
 - Level 2.0 Spellcasting
 + Level 5.3 Conjurations
 + Level 1.8 Air Magic
 - Level 6.2 Poison Magic


You couldn't memorise any spells.
You knew the following spells:

 Your Spells              Type           Power        Failure   Level  Hunger
a - Sting                 Conj/Pois      ###.         1%          1    #......
b - Mephitic Cloud        Conj/Pois/Air  ###.....     12%         3    ###....
c - Venom Bolt            Conj/Pois      ###.......   50%         5    ######.


Dungeon Overview and Level Annotations

Branches:
Dungeon (5/15)
 Temple: D:4-7

Altars:

Annotations:
D:3 George's ghost, amateur MiFi
D:4 exclusion: 2 doors


Innate Abilities, Weirdness & Mutations

You cannot wear most types of armour.
You are very stealthy in the water.
You are amphibious.
You can wear up to eight rings at the same time.
You can use your tentacles to constrict eight enemies at once.
Your skin changes colour to match your surroundings (Stealth+).
Your rubbery body absorbs attacks. (AC +1, EV +1)


Message History

The gnoll freezes you. You block the centaur's attack.
The centaur wields an uncursed shortbow.
The centaur shoots an arrow.
The arrow hits you!
* * * LOW HITPOINT WARNING * * *
A gnoll comes into view. It is wielding a flail.
You see here an arrow.
It was a potion of curing.
You feel better.
The centaur shoots an arrow.
The arrow hits you!
* * * LOW HITPOINT WARNING * * *
The centaur shoots an arrow.
The arrow misses you.
You feel better.
The centaur shoots an arrow.
The arrow closely misses you.
Casting: Sting
Confirm with . or Enter, or press ? or * to list all spells.
Aiming: Sting
Press: ? - help, Shift-Dir - straight line, f/p - centaur
Aim: a centaur, wielding a shortbow (severely wounded, poisoned)
The sting hits the centaur.
The centaur looks even sicker.
The centaur is almost dead.
The centaur shoots an arrow.
The arrow hits you!
You die...

.................#<...#
#..............#..###
#....................
#....................
#gg...........###.... ...
#g############# #.##. ..
......##.c.....# #.##. ...
...#.##..(....# #.##. ..
.###..#.##...@..(# #.##. .#
.....#.##.......# #.##. .#
#...#.##.......#########.##.
.#
#...#.##......(...).#...(.#.
.#
#.....##......#####.#.#####.
.#####..#...'......'...#.#.#
#.
.........#.##......###.#.#.#
#. ####.....#.##......#
#.#.#.# ## #.#####.##......#
#.#.#.#


You could see a centaur and 2 gnolls.

Vanquished Creatures
  Sigmund (D:4)
  An ogre (D:5)
  A giant frog skeleton (D:5)
  A worker ant (D:4)
  2 adders
  An ooze (D:5)
  A worm (D:3)
  2 dart slugs
  A giant gecko (D:5)
  An orc (D:4)
  5 giant cockroaches
  5 goblins
  6 hobgoblins
  11 jackals
  4 quokkas
  6 bats
  A giant gecko skeleton (D:4)
  2 giant newts (D:1)
  9 kobolds
  2 rats
63 creatures vanquished.

Notes
Turn   | Place    | Note
-------+----------+-------------------------------------------
     0 | D:1      | rlgrobin the Octopode Venom Mage began the quest for the Orb.
     0 | D:1      | Reached XP level 1. HP: 11/11 MP: 3/3
   119 | D:1      | Reached skill level 1 in Conjurations
   119 | D:1      | Reached skill level 5 in Poison Magic
   177 | D:1      | Reached XP level 2. HP: 17/17 MP: 1/5
  1157 | D:1      | Reached XP level 3. HP: 17/21 MP: 4/6
  1167 | D:1      | Learned a level 3 spell: Mephitic Cloud
  2617 | D:3      | Reached XP level 4. HP: 26/27 MP: 2/7
  2618 | D:3      | Noticed George's ghost (amateur MiFi)
  3790 | D:4      | Noticed Sigmund
  3813 | D:4      | Killed Sigmund
  3813 | D:4      | Reached skill level 6 in Poison Magic
  3813 | D:4      | Reached XP level 5. HP: 20/31 MP: 4/8
  3813 | D:4      | Reached XP level 6. HP: 23/36 MP: 4/9
  3861 | D:4      | Learned a level 5 spell: Venom Bolt
  3945 | D:5      | Entered Level 5 of the Dungeon
  3994 | D:5      | Reached skill level 5 in Conjurations
  4243 | D:5      | Reached skill level 1 in Air Magic
  4388 | D:5      | HP: 1/36 [centaur/arrow (10)]
  4390 | D:5      | Shot with an arrow by a centaur

Vault maps used:
D:1:      lemuel_arrival_hallway
D:2:      first_bread
D:4:      minmay_goblin_kobold_castle, uniq_sigmund
D:5:      uniq_grinder

Skill      XL: |  1  2  3  4  5  6 |
---------------+-------------------+-----
Conjurations   | 1 2 3 4 5 |  5.3
Poison Magic   | 5 6 |  6.2
Air Magic      | 1 |  1.8
Dodging        | |  2.0
Stealth        | |  2.6
Spellcasting   | |  2.0

Action                   |  1- 3 |  4- 6 || total
-------------------------+-------+-------++-------
Melee: Unarmed           |    41 |    20 ||    61
       Constrict         |    10 |     5 ||    15
       Tentacles         |     5 |     6 ||    11
 Cast: Sting             |    67 |    58 ||   125
  Use: Scroll            |     5 |     3 ||     8
       Potion            |       |     2 ||     2
 Stab: Sleeping          |     2 |     1 ||     3
  Eat: Chunk             |     6 |     6 ||    12
Armor: Skin              |    16 |     3 ||    19
Dodge: Dodged            |    54 |    18 ||    72
Block: Other             |       |     6 ||     6
